 Dungeon Crawl Stone Soup version 0.27-a0-681-g0c81a3c1c3 (webtiles) character file.

Game seed: 17582365571800121094

24 funkygono the Shield-Bearer (level 2, 27/27 HPs)
             Began as a Minotaur Fighter on Mar 19, 2021.
             Got out of the dungeon alive.
             The game lasted 00:00:50 (541 turns).

funkygono the Shield-Bearer (Minotaur Fighter)       Turns: 541, Time: 00:00:51

Health: 27/27      AC:  7    Str: 20    XL:     2   Next: 79%
Magic:  1/1        EV:  7    Int:  5    God:
Gold:   29         SH:  9    Dex:  9    Spells: 1/1 levels left

rFire    . . .     SeeInvis .   a - +0 flail
rCold    . . .     Faith    .   c - +0 kite shield
rNeg     . . .     Spirit   .   b - +0 scale mail
rPois    .         Reflect  .   (helmet restricted)
rElec    .         Harm     .   (no cloak)
rCorr    .         Rampage  .   (no gloves)
Will     .....                  (no boots)
Stlth    ..........             (no amulet)
HPRegen  0.09/turn              (no ring)
MPRegen  0.07/turn              (no ring)

@: no status effects
A: horns 2, retaliatory headbutt
a: no special abilities


You escaped.
You visited 1 branch of the dungeon, and saw 1 of its levels.

You collected 29 gold pieces.

Inventory:

Hand Weapons
 a - a +0 flail (weapon)
Missiles
 e - 16 stones (quivered)
Armour
 b - a +0 scale mail (worn)
 c - a +0 kite shield (worn)
Jewellery
 f - a ring of resist corrosion
Potions
 d - a potion of might


   Skills:
 + Level 3.7 Fighting
 + Level 2.6 Maces & Flails
 + Level 0.2 Throwing
 + Level 4.0 Armour
 + Level 0.4 Dodging
 + Level 4.2 Shields


You had one spell level left.
You didn't know any spells.
Your spell library contained the following spells:

 Spells                   Type           Power      Damage    Failure   Level
 Animate Skeleton         Necr           0%         N/A       99%         1
 Apportation              Tloc           0%         N/A       99%         1
 Corona                   Hex            0%         N/A       99%         1
 Summon Small Mammal      Summ           0%         N/A       99%         1


Dungeon Overview and Level Annotations

Branches:
Dungeon (1/15)

Altars:


Innate Abilities, Weirdness & Mutations

You have a pair of horns on your head.
You reflexively headbutt those who attack you in melee.


Message History

Throw: 16 stones
Press: ? - help, Q - select action Shift-Dir - straight line, f - kobold
Aim: a kobold (45% to hit)
You throw a stone. The stone closely misses the kobold.
A hobgoblin comes into view.
Unknown command.
You completely miss the kobold.
The hobgoblin shouts!
The kobold barely misses you. You furiously retaliate!
You headbutt the kobold.
You kill the kobold!
You sock the hobgoblin!
You kill the hobgoblin!
You now have 21 gold pieces (gained 8).
You see here a hobgoblin corpse.
e - 16 stones (gained 1)
f - a ring of resist corrosion
Found a falchion.
You now have 29 gold pieces (gained 8).
A leopard gecko comes into view.
The leopard gecko hisses angrily.
The leopard gecko bites you but does no damage.
You closely miss the leopard gecko. You block the leopard gecko's attack.
The leopard gecko bites you.
You barely miss the leopard gecko.
The leopard gecko bites you but does no damage.
The leopard gecko closely misses you.
You thump the leopard gecko!
You kill the leopard gecko!
You see here a leopard gecko corpse.
(D) Dungeon
Where to? (? - help)
Okay, then.
You see here a leopard gecko corpse.
There is an open door here.
There is an open door here.
There is an open door here.
There is an open door here.
There is a staircase leading out of the dungeon here.
Are you sure you want to leave the Dungeon?
This will make you lose the game!
You have escaped!

#...........#.# #
...####'####...# #
##.......##..## #
#.#######.##..# #
#.#'.....# ##.# #
#.##.#####.# #.# #
###.##...## #.# #
#.#.###.# #.## #
#.#.#@#.# #..# #
#.#.#'#.# #..# #
#.##.#.## .#..# # #.
##.#'###.##.#..# # ..#
##.....##.##..# # ...#
.#######.##...#######
#..##[......##..........#
#..#######'#..########.#
#...........## #.#


There were no monsters in sight!

Vanquished Creatures
  3 leopard geckos (D:1)
  3 giant cockroaches (D:1)
  A goblin (D:1)
  2 hobgoblins (D:1)
  5 jackals (D:1)
  2 kobolds (D:1)
  2 rats (D:1)
18 creatures vanquished.

Notes
Turn   | Place    | Note
-------+----------+-------------------------------------------
     0 | D:1      | funkygono the Minotaur Fighter began the quest for the Orb.
     0 | D:1      | Reached XP level 1. HP: 19/19 MP: 0/0
   225 | D:1      | Reached XP level 2. HP: 26/27 MP: 1/1
   541 | D:$      | Got out of the dungeon alive.

Illustrated notes

Levels and vault maps discovered:
D:1:      evilmike_arrival_rings, layout_loops_ring, serial_shops, shop

Skill      XL: |  1  2 |
---------------+-------+-----
Armour         | 4 |  4.0
Shields        | 4 |  4.2
Fighting       | |  3.7
Maces & Flails | |  2.6
Throwing       | |  0.2
Dodging        | |  0.4

Action                   || total
-------------------------++-------
Melee: Flail             ||    47
       Headbutt          ||     2
Throw: Stone             ||    16
Armor: Scale mail        ||    25
Dodge: Dodged            ||    21
Block: Kite shield       ||    25

Table legend: (Time is in decaauts)
 A = Elapsed time spent in this place.
 B = Non-inter-level travel time spent in this place.
 C = Inter-level travel time spent in this place.
 D = Time resting spent in this place.
 E = Time spent auto-exploring this place.
 F = Levels seen in this place.
 G = Mean time per level.
                   A        B        C        D        E       F      G
               +--------+--------+--------+--------+--------+-----+--------+
         Total |    570 |    495 |     75 |      0 |    354 |   1 |  570.0 |
       Dungeon |    570 |    495 |     75 |      0 |    354 |   1 |  570.0 |
               +--------+--------+--------+--------+--------+-----+--------+

Top non-repeatable levels by time:
     D:1: 570 daAuts
